 Dungeon Crawl Stone Soup version 0.19-a0-1672-g679cadd (webtiles) character file.

248 Leszczynek the Cudgeler (level 6, -3/59 HPs)
             Began as an Ogre Necromancer on Sept 22, 2016.
             Slain by a centaur (6 damage)
             ... on level 7 of the Dungeon.
             The game lasted 00:10:39 (4096 turns).

Leszczynek the Cudgeler (Ogre Necromancer)          Turns: 4096, Time: 00:10:40

Health: -3/59      AC:  4    Str: 16    XL:     6   Next: 12%
Magic:  9/9        EV: 15    Int: 19    God:
Gold:   120        SH:  0    Dex: 15    Spells: 3 memorised, 4 levels left

rFire  . . .     SeeInvis .     v - +0 whip
rCold  . . .     Gourm    .     a - +0 robe
rNeg   . . .     Faith    .     (no shield)
rPois  .         Spirit   .     (helmet restricted)
rElec  .         Dismiss  .     w - +0 cloak
rCorr  .         Reflect  .     (gloves unavailable)
MR     .....     Harm     .     (boots unavailable)
Stlth  +++.......               (no amulet)
                                (no ring)
                                (no ring)

@: brilliant, agile, about to teleport
A: unfitting armour, tough skin 1
a: no special abilities


You were on level 7 of the Dungeon.
You were not hungry.

You visited 1 branch of the dungeon, and saw 5 of its levels.

You collected 120 gold pieces.

Inventory:

Hand Weapons
 c - a +0 club
 i - a +0 short sword of draining
 l - a +0 short sword
 v - a +0 whip (weapon)
 x - a +0 hunting sling
 y - a +2 short sword of flaming
Missiles
 b - 9 tomahawks (quivered)
 g - 18 sling bullets
Armour
 a - a +0 robe (worn)
 w - a +0 cloak (worn)
Scrolls
 e - a scroll of blinking {unknown}
 f - a scroll of enchant weapon {unknown}
 h - a scroll of noise {unknown}
 j - a scroll of amnesia {unknown}
 m - 2 scrolls of teleportation
 n - 2 scrolls of remove curse {unknown}
 s - 2 scrolls of enchant armour {unknown}
 A - 2 scrolls of identify {unknown}
 B - a scroll of fear {unknown}
Potions
 p - a potion of magic
 r - a potion of brilliance
 t - a potion of agility
Comestibles
 d - 5 bread rations
 k - 4 meat rations
 q - a chunk of flesh
 u - a beef jerky
 z - a slice of pizza


   Skills:
 - Level 2.5 Fighting
 + Level 7.0 Maces & Flails
 - Level 1.7 Dodging
 - Level 1.5 Stealth
 - Level 2.4 Spellcasting
 - Level 2.9 Necromancy


You had 4 spell levels left.
You knew the following spells:

 Your Spells              Type           Power        Failure   Level  Hunger
a - Pain                  Necr           ####         1%          1    #......
q - Regeneration          Chrm/Necr      ###.......   3%          3    ###....
r - Animate Skeleton      Necr           N/A          1%          1    #......


Dungeon Overview and Level Annotations

Branches:
Dungeon (7/15)
 Temple: D:4-7

Altars:
Dithmenos

Annotations:
D:3 removeelyvilon's ghost, amateur HOMo
D:7 exclusion: centaur


Innate Abilities, Weirdness & Mutations

You are too large for most types of armour.
You have tough skin. (AC +1)


Message History

The centaur hits you. The jackal closely misses you. The jackal bites you.
* * * LOW HITPOINT WARNING * * *
The hound misses you. The centaur hits you!
* * * LOW HITPOINT WARNING * * *
Unknown command.
Okay, then.
As you read the scroll labeled MAEGYZ OTATIA, it crumbles to dust.
You feel strangely unstable.
It was a scroll of teleportation.
The jackal closely misses you. The jackal barely misses you.
The hound barely misses you. The centaur completely misses you.
The jackal closely misses you. The hound barely misses you.
The jackal bites you.
* * * LOW HITPOINT WARNING * * *
You hit the centaur.
The centaur is heavily wounded.
The centaur hits you.
* * * LOW HITPOINT WARNING * * *
The jackal completely misses you. The jackal barely misses you.
The hound closely misses you. The centaur hits you.
You die...

.... ...... #....
.....## #....
......# ...$
....#.##
#...#####...#...
####...#.h@c....#
.......#(hh.....# .
.......#........#...
............/.......
./##................
#.............##.
#...#.........#
.....#.........#
......#.........#


You could see a centaur, a hound and 2 jackals.

Vanquished Creatures
  2 orc priests
  An orc wizard (D:4)
  A hound skeleton (D:4)
  6 adders
  2 worms (D:2)
  2 dart slugs
  2 leopard geckos
  8 orcs
  4 giant cockroaches
  3 goblins
  6 hobgoblins
  6 jackals
  3 quokkas (D:4)
  A ball python (D:3)
  7 bats (D:1)
  5 frilled lizards
  12 kobolds
  A leopard gecko skeleton (D:4)
  5 rats (D:1)
77 creatures vanquished.

Notes
Turn   | Place    | Note
-------+----------+-------------------------------------------
     0 | D:1      | Leszczynek the Ogre Necromancer began the quest for the Orb.
     0 | D:1      | Reached XP level 1. HP: 16/16 MP: 3/3
     2 | D:1      | Learned a level 1 spell: Animate Skeleton
    30 | D:1      | Reached skill level 1 in Fighting
   297 | D:1      | Reached skill level 2 in Fighting
   419 | D:1      | Reached XP level 2. HP: 25/28 MP: 0/5
   734 | D:1      | Reached skill level 1 in Maces & Flails
   909 | D:1      | Reached skill level 2 in Maces & Flails
   909 | D:1      | Reached XP level 3. HP: 27/36 MP: 1/6
  1535 | D:2      | Reached skill level 3 in Maces & Flails
  1820 | D:2      | Reached XP level 4. HP: 40/44 MP: 2/7
  2182 | D:3      | Learned a level 3 spell: Regeneration
  2314 | D:2      | Reached skill level 4 in Maces & Flails
  2564 | D:3      | Reached skill level 5 in Maces & Flails
  2695 | D:3      | Reached XP level 5. HP: 30/50 MP: 8/8
  2928 | D:3      | Found a shadowy altar of Dithmenos.
  3035 | D:3      | Noticed removeelyvilon's ghost (amateur HOMo)
  3243 | D:4      | Reached skill level 6 in Maces & Flails
  3639 | D:4      | Reached XP level 6. HP: 38/59 MP: 9/9
  3794 | D:4      | Reached skill level 7 in Maces & Flails
  4071 | D:4      | You fall through a shaft for 3 floors!
  4072 | D:7      | wasn't shafting for 3 floors removed?
  4094 | D:7      | HP: 5/59 [centaur (8)]
  4096 | D:7      | Slain by a centaur

Vault maps used:
D:1:      eino_arrival_cavern_b
D:3:      nicolae_dithmenos_through_a_glass_darkly
D:4:      first_bread
D:7:      okawaru_gym_becter, overflow_temple_1_default,
          gammafunk_temple_overflow_claw, grunt_qazlal_clouds, the_bakery,
          grunt_decor_one_mirror

Skill      XL: |  1  2  3  4  5  6 |
---------------+-------------------+-----
Fighting       | 2 |  2.5
Maces & Flails | 2 3 5 6 7 |  7.0
Dodging        | |  1.7
Stealth        | |  1.5
Spellcasting   | |  2.4
Necromancy     | |  2.9

Action                   |  1- 3 |  4- 6 || total
-------------------------+-------+-------++-------
Melee: Club              |    20 |       ||    20
       Short sword       |    53 |   102 ||   155
       Whip              |       |     6 ||     6
Throw: Tomahawk          |       |     3 ||     3
 Cast: Pain              |    69 |    34 ||   103
       Animate Skeleton  |     2 |     2 ||     4
  Use: Potion            |       |     5 ||     5
       Scroll            |       |     1 ||     1
 Stab: Sleeping          |     1 |     3 ||     4
  Eat: Chunk             |     4 |     6 ||    10
       Royal jelly       |       |     1 ||     1
Armor: Robe              |    34 |    36 ||    70
Dodge: Dodged            |    75 |    97 ||   172
